 Dungeon Crawl Stone Soup version 0.22.1-2-g9c5b331383 (webtiles) character file.

93 Ihlosi the Chiller (level 4, -1/25 HPs)
             Began as a Kobold Ice Elementalist on Jan 5, 2019.
             Killed by nerve-wracking pain
             ... invoked by Grinder
              (14 damage)
             ... on level 3 of the Dungeon.
             The game lasted 00:05:19 (1488 turns).

Ihlosi the Chiller (Kobold Ice Elementalist)        Turns: 1488, Time: 00:05:20

Health: -1/25      AC:  2    Str: 10    XL:     4   Next: 92%
Magic:  8/8        EV: 15    Int: 17    God:
Gold:   77         SH:  0    Dex: 15    Spells: 8/9 levels left

rFire    . . .     SeeInvis .   a - +2 dagger (venom)
rCold    . . .     Gourm    .   (shield restricted)
rNeg     . . .     Faith    .   m - +0 robe
rPois    .         Spirit   .   (no helmet)
rElec    .         Reflect  .   (no cloak)
rCorr    .         Harm     .   (no gloves)
MR       .....                  (no boots)
Stlth    ++........             (no amulet)
HPRegen  0.08/turn              (no ring)
MPRegen  0.11/turn              (no ring)

@: mighty, hasted, very quick
A: small, carnivore
a: no special abilities


You were on level 3 of the Dungeon.
You were completely stuffed.

You visited 1 branch of the dungeon, and saw 3 of its levels.

You collected 77 gold pieces.

Inventory:

Hand Weapons
 a - a +2 dagger of venom (weapon)
Armour
 l - a +2 buckler
 m - a +0 robe (worn)
Scrolls
 b - a scroll of magic mapping {unknown}
 f - a scroll of blinking {unknown}
 h - 3 scrolls of identify {unknown}
 i - a scroll of fear {unknown}
 j - a scroll of random uselessness {unknown}
 k - a scroll of noise {unknown}
Potions
 e - a potion of ambrosia
 g - a potion of haste
Comestibles
 c - 6 rations
 n - 4 chunks of flesh


   Skills:
 * Level 1.0 Fighting
 * Level 1.0 Short Blades
 * Level 0.7 Armour
 * Level 2.7 Dodging
 * Level 3.3 Stealth
 * Level 0.1 Shields
 * Level 3.0 Spellcasting
   Level 1.0 Conjurations
 * Level 3.7 Ice Magic


You had 8 spell levels left.
You knew the following spells:

 Your Spells              Type           Power        Failure   Level  Hunger
a - Freeze                Ice            ###.         3%          1    None

Your spell library contained the following spells:

 Spells                   Type           Power        Failure   Level  Hunger
 Throw Frost              Conj/Ice       ##....       10%         2    ##.....
 Ozocubu's Armour         Chrm/Ice       #.......     24%         3    ###....
 Throw Icicle             Conj/Ice       ##......     54%         4    ####...
 Summon Ice Beast         Ice/Summ       #.......     63%         4    ####...


Dungeon Overview and Level Annotations

Branches:
Dungeon (3/15)

Altars:

Annotations:
D:3 Grinder


Innate Abilities, Weirdness & Mutations

You are small and have problems with some larger weapons.
You are carnivorous and can eat meat at any time.


Message History

You completely miss Grinder.
Grinder is moderately wounded.
Grinder blinks!
You hit Grinder.
Grinder is heavily wounded.
Grinder hits you but does no damage.
You puncture Grinder!
Grinder is severely wounded.
You hit Grinder.
Grinder is severely wounded.
Grinder blinks!
Grinder misses you.
You barely miss Grinder.
Grinder is severely wounded.
You barely miss Grinder.
Grinder is severely wounded.
Grinder gestures at you. Pain shoots through your body!
Ouch! That really hurt!
You die...

...........#.#...#
###.........#####
###.......#
####.......# #
#.....####'##.#
#.....##......#
#......#....##
#..[..).....#
#.....@.....#
#####...5.++##
..........#
####........#
#...#..#....#
#........#..#
#........#..#
...#?###.#.>..
#.... ..######


You could see Grinder.

Vanquished Creatures
  An orc wizard (D:3)
  An adder (D:2)
  An ooze (D:3)
  2 dart slugs (D:1)
  2 leopard geckos (D:2)
  3 orcs (D:3)
  5 goblins
  4 hobgoblins
  5 jackals (D:1)
  6 kobolds
  4 bats
  4 frilled lizards
  5 rats
43 creatures vanquished.

Notes
Turn   | Place    | Note
-------+----------+-------------------------------------------
     0 | D:1      | Ihlosi the Kobold Ice Elementalist began the quest for the
                  | Orb.
     0 | D:1      | Reached XP level 1. HP: 10/10 MP: 3/3
   144 | D:1      | Reached XP level 2. HP: 15/15 MP: 0/5
   640 | D:1      | Reached XP level 3. HP: 20/20 MP: 3/6
  1111 | D:2      | Reached XP level 4. HP: 16/24 MP: 0/8
  1300 | D:3      | Reached skill level 1 in Fighting
  1312 | D:3      | Reached skill level 1 in Short Blades
  1472 | D:3      | Noticed Grinder
  1488 | D:3      | Killed from afar by Grinder

Skill      XL: |  1  2  3  4 |
---------------+-------------+-----
Stealth        | 3 |  3.3
Fighting       | 1 |  1.0
Spellcasting   | 3 |  3.0
Short Blades   | 1 |  1.0
Armour         | |  0.7
Dodging        | |  2.7
Shields        | |  0.1
Conjurations   | |  1.0
Ice Magic      | |  3.7

Action                   |  1- 3 |  4- 6 || total
-------------------------+-------+-------++-------
Melee: Unarmed           |     8 |       ||     8
       Dagger            |     9 |    34 ||    43
 Cast: Freeze            |    43 |     8 ||    51
  Use: Scroll            |     2 |       ||     2
       Potion            |       |     4 ||     4
 Stab: Sleeping          |     1 |       ||     1
  Eat: Chunk             |     9 |     1 ||    10
Armor: Robe              |     3 |    11 ||    14
Dodge: Dodged            |    50 |    39 ||    89
